 Dungeon Crawl Stone Soup version 0.19.3-4-gbf9329e (console) character file.

5401 Kloppie the Cleaver (level 10, 0/79 HPs)
             Began as a Demonspawn Berserker on Jan 27, 2017.
             Was a High Priest of Trog.
             Slain by Urug
             ... wielding a +1 demon trident of electrocution
              (18 damage)
             ... on level 10 of the Dungeon.
             The game lasted 00:14:52 (8742 turns).

Kloppie the Cleaver (Demonspawn Berserker)          Turns: 8742, Time: 00:14:53

Health: 0/79       AC: 17    Str: 17    XL:     10   Next: 40%
Magic:  10/10      EV:  8    Int:  9    God:    Trog [*****.]
Gold:   290        SH:  6    Dex: 21    Spells: 0 memorised, 9 levels left

rFire  + . .     SeeInvis .     a - +0 war axe
rCold  . . .     Gourm    .     B - +2 chain mail of the Black Moon {MR+}
rNeg   . . .     Faith    .     w - +0 buckler
rPois  +         Spirit   .     (helmet restricted)
rElec  .         Reflect  .     b - +2 cloak
rCorr  +         Harm     .     (no gloves)
MR     ++++.                    x - +0 pair of boots
Stlth  ..........               (no amulet)
                                v - +5 ring of dexterity
                                s - ring of resist corrosion

@: exhausted, regenerating, slowed, very slow
A: claws 1, hooves 2, horns 1, demonic guardian 1, fire resistance 1, magic
resistance 1, poison resistance, powered by death 1
a: Berserk, Trog's Hand, Brothers in Arms, Burn Spellbooks, Renounce Religion


You were on level 10 of the Dungeon.
You worshipped Trog.
Trog was extremely pleased with you.
You were hungry.

You visited 1 branch of the dungeon, and saw 10 of its levels.

You collected 669 gold pieces.
You spent 379 gold pieces at shops.

Inventory:

Hand Weapons
 a - a +0 war axe (weapon)
 o - a +0 battleaxe of flaming
 u - a +2 flail of venom
Armour
 b - a +2 cloak (worn)
 w - a +0 buckler (worn)
 x - a +0 pair of boots (worn)
 B - the +2 chain mail of the Black Moon (worn) {MR+}
   (You bought it in a shop on level 7 of the Dungeon)

   It affects your resistance to hostile enchantments.
Jewellery
 s - a ring of resist corrosion (left claw)
 v - a +5 ring of dexterity (right claw)
 y - an uncursed ring of flight
Wands
 f - a wand of polymorph (3/24)
 h - a wand of random effects (16/48)
 q - a wand of polymorph (7/24)
 C - a wand of teleportation (5/9)
 F - a wand of flame (26/48)
 G - a wand of confusion (35/48)
 H - a wand of confusion (20/48)
Scrolls
 k - 5 scrolls of remove curse
 l - 3 scrolls of teleportation
 r - a scroll of identify
 z - a scroll of magic mapping
Potions
 d - 3 potions of might
 e - 4 potions of heal wounds
 m - 4 potions of curing
 p - 2 potions of agility
 t - a potion of cure mutation
 D - a potion of lignification {unknown}
 E - a potion of magic
Comestibles
 c - 9 bread rations
 g - 4 meat rations
 i - 2 fruits
 j - a slice of pizza
 n - 3 beef jerkies
 A - 5 chunks of flesh


   Skills:
 + Level 7.3 Fighting
 - Level 10.0 Axes
 + Level 7.7 Armour
 - Level 1.7 Dodging
 - Level 4.0 Shields


You had 9 spell levels left.
You didn't know any spells.

Dungeon Overview and Level Annotations

Branches:
Dungeon (10/15)            Temple (0/1) D:6            Lair (0/6) D:9
    Orc: D:9-12

Altars:
Ashenzari
Elyvilon
Fedhas
Nemelex Xobeh
Ru
Trog
Uskayaw
Vehumet
Yredelemnul
Zin

Shops:
D:5 [   D:7 [

Annotations:
D:10 Urug


Innate Abilities, Weirdness & Mutations

You have sharp fingernails.
You have hoof-like feet.
You have a pair of small horns on your head.
A weak demonic guardian rushes to your aid.
You regenerate a little health from kills.
Your flesh is heat resistant. (rF+)
You are resistant to hostile enchantments. (MR+)
Your system is resistant to poisons. (rPois)


Message History

You are too injured to fight recklessly!
You hit Urug. You headbutt Urug.
Urug is heavily wounded.
Your ufetubus hits Urug.
Your ufetubus hits Urug but does no damage.
Your iron imp misses Urug.
Your ufetubus misses Urug.
Your ufetubus closely misses Urug.
Urug hits you with a demon trident of electrocution!
* * * LOW HITPOINT WARNING * * *
You are electrocuted!
* * * LOW HITPOINT WARNING * * *
You feel much better.
Your ufetubus closely misses Urug.
Your ufetubus hits Urug.
Your iron imp barely misses Urug.
Urug hits you with a demon trident of electrocution!!
* * * LOW HITPOINT WARNING * * *
Your ufetubus hits Urug. x2; Your iron imp closely misses Urug.
Your ufetubus disappears in a puff of smoke!
You block Urug's attack.
Urug hits you from afar with a demon trident of electrocution!!
You die...

#######+### ###+#
####..........
#....##..(..........
#....##.##.@........
#....##.##...55.....
+....#..##..§o......
#....#.###........<.
#....#.# #..........
#....'.# #..........
#...<### ########+##
###+##


You could see Urug, a friendly iron imp and a friendly white imp.

Vanquished Creatures
  The ghost of fatfloppyjuicyveiny the Spear-Bearer, a novice OpBe of Trog (D:9)
  Sigmund (D:2)
  A spriggan (D:7)
  A hungry ghost (D:8)
  A mottled dragon (D:8)
  The ghost of fatfloppyjuicyveiny the Bolt Thrower, an amateur KoHu of Trog (D:4)
  2 hell hounds (D:9)
  A hornet zombie (D:7)
  A sky beast (D:9)
  4 phantoms
  2 orc warriors
  5 black bears
  2 ogres (D:7)
  6 centaurs
  Blork the orc (D:4)
  2 bullfrogs
  A scorpion (D:9)
  3 killer bees (D:7)
  3 wights (D:9)
  6 howler monkeys
  2 crimson imps (D:6)
  2 quasits
  5 hounds
  A bullfrog zombie (D:5)
  A jelly (D:5)
  12 orc wizards
  2 orc priests
  3 centaur skeletons
  Ijyb (D:2)
  Natasha (twice) (D:2)
  2 iguanas (D:8)
  4 worker ants
  A killer bee zombie (D:9)
  2 hound zombies (D:6)
  3 hound skeletons
  A worker ant zombie (D:5)
  Robin (D:4)
  A gnoll (D:1)
  8 adders
  2 shadow imps
  3 adder skeletons
  2 worms
  A dart slug (D:2)
  7 leopard geckos
  55 orcs
  8 giant cockroaches
  18 goblins
  10 hobgoblins
  14 jackals
  9 kobolds
  5 quokkas
  A ball python (D:1)
  4 bats
  3 frilled lizards
  A leopard gecko zombie (D:5)
  2 quokka skeletons
  12 rats
256 creatures vanquished.

Vanquished Creatures (collateral kills)
  A wyvern (D:8)
1 creature vanquished.

Vanquished Creatures (others)
  A goblin (D:4)
1 creature vanquished.

Grand Total: 258 creatures vanquished

Notes
Turn   | Place    | Note
-------+----------+-------------------------------------------
     0 | D:1      | Kloppie the Demonspawn Berserker began the quest for the Orb.
     0 | D:1      | Reached XP level 1. HP: 18/18 MP: 1/1
   235 | D:1      | Gained mutation: You have a pair of small horns on your head. [demonic ancestry]
   235 | D:1      | Reached XP level 2. HP: 23/24 MP: 2/2
   239 | D:1      | Reached skill level 3 in Axes
   526 | D:1      | Gained mutation: You have large cloven feet. [demonic ancestry]
   526 | D:1      | Reached XP level 3. HP: 24/29 MP: 3/3
   572 | D:1      | Reached ** piety under Trog
  1080 | D:2      | Noticed Natasha
  1090 | D:2      | Killed Natasha
  1149 | D:2      | Reached XP level 4. HP: 36/37 MP: 4/4
  1338 | D:2      | Noticed Natasha
  1347 | D:2      | Killed Natasha
  1347 | D:2      | Reached skill level 4 in Axes
  1586 | D:2      | Noticed Sigmund
  1602 | D:2      | Killed Sigmund
  1602 | D:2      | Reached skill level 5 in Fighting
  1602 | D:2      | Reached XP level 5. HP: 44/44 MP: 5/5
  1602 | D:2      | Gained mutation: You have sharp fingernails. [demonic ancestry]
  1602 | D:2      | Reached XP level 6. HP: 51/51 MP: 6/6
  1648 | D:2      | Noticed Ijyb
  1661 | D:2      | Killed Ijyb
  2041 | D:3      | Found a shattered altar of Ashenzari.
  2156 | D:3      | Reached *** piety under Trog
  2164 | D:3      | Reached skill level 5 in Axes
  2421 | D:3      | Found a white marble altar of Elyvilon.
  2421 | D:3      | Found a hide-covered altar of Uskayaw.
  2569 | D:3      | Found a sparkling altar of Nemelex Xobeh.
  2778 | D:3      | Gained mutation: Your system is resistant to poisons. (rPois) [potion of mutation]
  2778 | D:3      | Gained mutation: You are resistant to hostile enchantments. (MR+) [potion of mutation]
  2778 | D:3      | Gained mutation: Your flesh is heat resistant. (rF+) [potion of mutation]
  2860 | D:4      | Noticed fatfloppyjuicyveiny's ghost (amateur KoHu)
  2872 | D:4      | Killed fatfloppyjuicyveiny's ghost
  2875 | D:4      | Reached XP level 7. HP: 58/58 MP: 7/7
  3131 | D:4      | Noticed Blork the orc
  3139 | D:4      | Killed Blork the orc
  3139 | D:4      | Reached skill level 1 in Shields
  3174 | D:4      | Found a blossoming altar of Fedhas.
  3425 | D:4      | Found a faded altar of an unknown god.
  3425 | D:4      | Found a basalt altar of Yredelemnul.
  3433 | D:4      | Noticed Robin
  3458 | D:4      | Killed Robin
  3506 | D:4      | Found a faded altar of an unknown god.
  3508 | D:4      | Found a faded altar of an unknown god.
  3509 | D:4      | Found a faded altar of an unknown god.
  3650 | D:4      | Reached **** piety under Trog
  3925 | D:5      | Entered Level 5 of the Dungeon
  3925 | D:5      | Found Ubefiejo's Antique Armour Shop.
  4131 | D:5      | Reached skill level 6 in Axes
  4265 | D:5      | Gained mutation: You regenerate a little health from kills. [demonic ancestry]
  4265 | D:5      | Reached XP level 8. HP: 36/64 MP: 8/8
  5127 | D:6      | Found a staircase to the Ecumenical Temple.
  5409 | D:7      | Received a gift from Trog
  5411 | D:7      | Reached skill level 7 in Axes
  5515 | D:7      | Reached skill level 5 in Armour
  5562 | D:7      | Found Pulocso's Armour Emporium.
  5581 | D:7      | Bought the +2 chain mail of the Black Moon {MR+} for 379 gold pieces
  5929 | D:7      | Gained mutation: A weak demonic guardian rushes to your aid. [demonic ancestry]
  5929 | D:7      | Reached XP level 9. HP: 69/69 MP: 9/9
  6131 | D:7      | Found a sacrificial altar of Ru.
  6304 | D:7      | Reached skill level 8 in Axes
  6726 | D:8      | Reached ***** piety under Trog
  6726 | D:8      | Reached skill level 9 in Axes
  7055 | D:8      | Found a glowing silver altar of Zin.
  7841 | D:9      | Gained mutation: You have hoof-like feet. [demonic ancestry]
  7841 | D:9      | Reached XP level 10. HP: 44/76 MP: 10/10
  7844 | D:9      | Reached skill level 10 in Axes
  8015 | D:9      | Found a bloodstained altar of Trog.
  8033 | D:9      | Found a radiant altar of Vehumet.
  8197 | D:9      | Found a staircase to the Lair.
  8445 | D:9      | Noticed fatfloppyjuicyveiny's ghost (novice OpBe)
  8451 | D:9      | Killed fatfloppyjuicyveiny's ghost
  8718 | D:10     | Entered Level 10 of the Dungeon
  8727 | D:10     | Noticed Urug
  8742 | D:10     | Slain by Urug

Skill      XL: |  1  2  3  4  5  6  7  8  9 10 |
---------------+-------------------------------+-----
Axes           | 3 4 5 6 7 9 10 | 10.0
Fighting       | 4 5 6 7 |  7.3
Shields        | 3 4 |  4.0
Armour         | 5 6 7 |  7.7
Dodging        | |  1.7

Action                   |  1- 3 |  4- 6 |  7- 9 | 10-12 || total
-------------------------+-------+-------+-------+-------++-------
Melee: Hand axe          |    79 |   132 |   525 |       ||   736
       Headbutt          |    10 |    26 |   158 |    32 ||   226
       Kick              |    16 |    31 |    81 |       ||   128
       Unarmed           |       |       |    19 |       ||    19
       War axe           |       |       |    77 |   124 ||   201
Invok: Berserk           |     2 |     3 |     4 |     3 ||    12
       Trog's Hand       |       |     2 |     1 |     1 ||     4
  Use: Scroll            |       |     9 |     9 |       ||    18
       Potion            |       |     3 |     1 |     1 ||     5
 Stab: Sleeping          |     2 |       |       |       ||     2
  Eat: Chunk             |     3 |     7 |    23 |     4 ||    37
       Royal jelly       |       |       |     1 |     1 ||     2
Armor: Animal skin       |    15 |    12 |       |       ||    27
       Robe              |       |    17 |       |       ||    17
       Ring mail         |       |     2 |     1 |       ||     3
       Chain mail        |       |       |   348 |   101 ||   449
Dodge: Dodged            |    42 |    80 |   205 |    59 ||   386
Block: Buckler           |       |       |   142 |    42 ||   184
